 Dungeon Crawl Stone Soup version 0.29.1-1-gd02db6906a (webtiles) character file.

Game seed: 14744637353165273296

133 virigoth the Chopper (level 5, -1/47 HPs)
             Began as a Hill Orc Fighter on Sept 20, 2022.
             Killed by nerve-wracking pain
             ... invoked by Grinder
              (6 damage)
             ... on level 3 of the Dungeon.
             The game lasted 00:05:31 (3114 turns).

virigoth the Chopper (Hill Orc Fighter)             Turns: 3114, Time: 00:05:31

Health: -1/47      AC:  6    Str: 21    XL:     5   Next: 16%
Magic:  5/5        EV:  9    Int:  8    God:
Gold:   148        SH:  4    Dex: 10    Spells: 4/4 levels left

rFire   . . .      SeeInvis .   a - +1 hand axe (vorpal)
rCold   . . .      Faith    .   c - +0 buckler
rNeg    + . .      Spirit   .   b - +0 scale mail
rPois   .          Reflect  .   (no helmet)
rElec   .          Harm     .   (no cloak)
rCorr   .          Rampage  .   (no gloves)
Will    .....                   (no boots)
Stlth   ..........              (no amulet)
HPRegen 0.15/turn               n - ring of positive energy
MPRegen 0.09/turn               (no ring)

@: flying
A: no striking features
a: no special abilities


You were on level 3 of the Dungeon.
You visited 1 branch of the dungeon, and saw 4 of its levels.

You collected 148 gold pieces.

Inventory:

Hand Weapons
 a - a +1 vorpal hand axe (weapon)
 k - a +0 war axe
Missiles
 i - 11 stones (quivered)
 o - 2 throwing nets
Armour
 b - a +0 scale mail (worn)
 c - a +0 buckler (worn)
Magical Staves
 p - a staff of earth
Jewellery
 n - a ring of positive energy (left hand)
Scrolls
 e - a scroll of fog {unknown}
 f - a scroll of teleportation {unknown}
 g - 2 scrolls of enchant armour {unknown}
 h - a scroll of acquirement {unknown}
 j - 3 scrolls of identify {unknown}
 l - 2 scrolls of enchant weapon {unknown}
Potions
 d - a potion of might
 m - a potion of flight


   Skills:
 + Level 4.6 Fighting
 * Level 6.1 Axes
 - Level 3.2 Armour
 - Level 3.2 Shields


You had 4 spell levels left.
You didn't know any spells.
Your spell library was empty.

Dungeon Overview and Level Annotations

Branches:
Dungeon (4/15)
 Temple: D:4-7

Altars:

Annotations:
D:3 Grinder


Message History

Grinder blinks!
You are too injured to fight recklessly!
You are too injured to fight recklessly!
Grinder gestures at you.
You barely resist. You block Grinder's attack.
You barely miss Grinder.
Grinder is heavily wounded.
Grinder hits you but does no damage.
You closely miss Grinder.
Grinder is heavily wounded.
Grinder hits you but does no damage.
You hit Grinder.
Grinder is heavily wounded.
Grinder barely misses you.
You hit Grinder.
Grinder is severely wounded.
Grinder blinks!
You barely miss Grinder.
Grinder is severely wounded.
Grinder gestures at you.
You suddenly lose the ability to move!
Grinder hits you. x2
You writhe in agony.
You can move again.
You hit Grinder.
Grinder is severely wounded.
Grinder hits you!
* * * LOW HITPOINT WARNING * * *
You writhe in agony.
* * * LOW HITPOINT WARNING * * *
You barely miss Grinder.
Grinder is severely wounded.
Grinder blinks!
Grinder gestures at you. Pain shoots through your body!
* * * LOW HITPOINT WARNING * * *
Grinder gestures at you. Pain shoots through your body!
You die...

### #.#
#.############
#....5....@..#
#.#########.##
#.# #.# #5#
#.# #.# #.#
#.# #.# #.#
######.## #.#
#.......# #.#
#.#######


You could see Grinder.

Vanquished Creatures
  2 orc wizards (D:3)
  2 adders (D:2)
  A worm (D:2)
  3 dart slugs (D:1)
  3 orcs (D:3)
  7 ball pythons
  7 bats
  9 endoplasms
  A giant cockroach (D:3)
  4 goblins
  3 hobgoblins
  5 kobolds
  A quokka (D:3)
  2 frilled lizards (D:2)
  5 rats
55 creatures vanquished.

Notes
Turn   | Place    | Note
-------+----------+-------------------------------------------
     0 | D:1      | virigoth the Hill Orc Fighter began the quest for the Orb.
     0 | D:1      | Reached XP level 1. HP: 19/19 MP: 1/1
    78 | D:1      | Reached skill level 3 in Axes
   104 | D:1      | Reached XP level 2. HP: 18/26 MP: 2/2
   538 | D:1      | Reached skill level 4 in Axes
   853 | D:1      | Reached XP level 3. HP: 32/33 MP: 3/3
  1677 | D:2      | Found a faded altar of an unknown god.
  1968 | D:2      | Reached skill level 5 in Axes
  1968 | D:2      | Reached XP level 4. HP: 40/40 MP: 4/4
  2817 | D:3      | Reached skill level 6 in Axes
  2817 | D:3      | Reached XP level 5. HP: 39/47 MP: 5/5
  3068 | D:3      | Noticed Grinder
  3068 | D:3      | Paralysed by Grinder for 3 turns
  3104 | D:3      | Paralysed by Grinder for 3 turns
  3114 | D:3      | Killed from afar by Grinder

Illustrated notes

Levels and vault maps discovered:
D:1:      lightli_arrival_windingriver, layout_loops_ring
D:2:      layout_basic, hellmonk_ecumenical_altar_crossroads
D:3:      layout_basic, gammafunk_ghost_necromancy, kennysheep_generic_room_14,
          uniq_grinder
D:4:      layout_rooms, minmay_temple_entry_drinking_statues, serial_shops,
          shop_coins, wad_orctagon

Skill      XL: |  1  2  3  4 |
---------------+-------------+-----
Axes           | 3 4 5 6 |  6.1
Fighting       | 4 |  4.6
Armour         | |  3.2
Shields        | |  3.2

Action                   |  1- 3 |  4- 6 || total
-------------------------+-------+-------++-------
Melee: War axe           |    31 |       ||    31
       Hand axe          |    55 |    74 ||   129
  Use: Potion            |       |     1 ||     1
Armor: Scale mail        |    31 |    22 ||    53
Dodge: Dodged            |    44 |    17 ||    61
Block: Buckler           |    14 |    11 ||    25
